AoeStats
← AOKI_GworK

Coastal Forest

503253206Analyzed
2v2 RM · 1mo ago on Aug 30, 2026· 51m 55s· 4 players
Game mode
Random Map
Map size
Medium (4 player)
Population
200
Speed
Normal
Resources
Standard
Victory
Conquest
Starting age
Dark Age
Ending age
Imperial Age
RankedLock teamsTeams togetherTeam positionsShared explorationLock speedFull tech treeHidden civsTurbo modeCheats
Victory
Defeat
🇫🇷 Tatars · France
1677
+20
🇫🇷 Hindustanis · France
1665
+21
🇦🇷 Vietnamese · Argentina
1777
-21
🇦🇷 Goths · Argentina
1777
-21
AOKI_GworK
6:17 Loom
8:34 Feudal Age
9:06 Double-Bit Axe
14:55 Fletching
20:02 Padded Archer Armor
20:16 Town Watch
24:49 Castle Age
23:12 Gold Mining
23:51 Horse Collar
24:53 Crossbowman
25:29 Bodkin Arrow
26:47 Thumb Ring
29:57 Ballistics
31:01 Bow Saw
33:09 Heavy Plow
33:38 Leather Archer Armor
42:49 Wheelbarrow
44:01 Hand Cart
44:09 Stone Mining
50:09 Imperial Age
51:02 Bracer
51:33 Ring Archer Armor
52:17 Chemistry
52:23 Two-Man Saw
AOKI_Yo
7:11 Loom
9:42 Feudal Age
10:21 Double-Bit Axe
13:06 Scale Barding Armor
14:27 Forging
14:23 Fishing Lines
16:39 Bloodlines
18:42 Horse Collar
23:20 Castle Age
21:56 Gold Mining
23:23 Light Cavalry
24:30 Chain Barding Armor
25:07 Bow Saw
25:56 Iron Casting
25:47 Medium Warships
26:03 Husbandry
29:09 Wheelbarrow
34:23 Heavy Plow
39:08 Hand Cart
44:42 Imperial Age
42:40 Light Cavalry
44:46 Cavalier
46:06 Plate Barding Armor
48:36 Town Watch
48:31 Hussar
53:17 Chemistry
MrLokura
2:26 Loom
3:42 Loom
9:39 Feudal Age
13:09 Scale Barding Armor
15:00 Double-Bit Axe
14:59 Horse Collar
22:16 Castle Age
22:48 Bloodlines
23:32 Husbandry
23:56 Chain Barding Armor
23:29 Gold Mining
28:02 Forging
31:20 Iron Casting
35:16 Bow Saw
37:08 Wheelbarrow
47:51 Imperial Age
45:35 Scale Mail Armor
44:57 Pikeman
46:23 Squires
46:55 Chain Mail Armor
47:54 Halberdier
49:35 Blast Furnace
50:27 Fletching
50:58 Ballistics
51:04 Bodkin Arrow
★ DrumM ❿
6:15 Loom
9:03 Feudal Age
9:43 Double-Bit Axe
14:27 Fletching
18:40 Wheelbarrow
25:02 Castle Age
23:41 Padded Archer Armor
23:32 Gold Mining
23:24 Horse Collar
25:07 Crossbowman
25:43 Bodkin Arrow
29:38 Ballistics
29:57 Thumb Ring
37:41 Hand Cart
38:18 Bow Saw
42:45 Elite Skirmisher
44:42 Leather Archer Armor
48:46 Imperial Age
49:36 Bracer
50:38 Chemistry
Connection lost

Rejoining the realm…

Still unreachable

The connection could not be restored.

Session expired

The server has moved on; the page needs a fresh start.